 Dungeon Crawl Stone Soup version 0.30-a0-187-gd9c2deaf24 (webtiles) character file.

Game seed: 12953517012277702182

751 Flugkiller the Trooper (level 7, -23/55 HPs)
             Began as a Mummy Delver on Oct 3, 2022.
             Was a Priest of Cheibriados.
             Annihilated by an ogre
             ... wielding a +0 giant club
              (34 damage)
             ... on level 6 of the Dungeon.
             The game lasted 00:05:11 (5123 turns).

Flugkiller the Trooper (Mummy Delver)               Turns: 5123, Time: 00:05:11

Health: -23/55     AC:  6    Str: 24    XL:     7   Next: 49%
Magic:  9/9        EV: 14    Int: 17    God:    Cheibriados [***...]
Gold:   217        SH:  0    Dex: 23    Spells: 6/6 levels left

rFire   x . .      SeeInvis .    a - +0 falchion
rCold   + . .      Faith    +    (no shield)
rNeg    + + +      Spirit   .    b - +0 leather armour
rPois   ∞          Reflect  .    e - +2 helmet
rElec   .          Harm     .    (no cloak)
rCorr   .          Rampage  .    (no gloves)
Will    .....                    (no boots)
Stlth   +++.......               d - amulet of regeneration
HPRegen 1.09/turn                (no ring)
MPRegen 0.11/turn                (no ring)

@: very slow
A: cold resistance 1, negative energy resistance 3, torment resistance 2, heat
vulnerability 1, in touch with death 1, no potions, faith
a: Renounce Religion, Bend Time, Temporal Distortion


You were on level 6 of the Dungeon.
You worshipped Cheibriados.
Cheibriados was most pleased with you.
You visited 1 branch of the dungeon, and saw 6 of its levels.

You collected 217 gold pieces.

Inventory:

Hand Weapons
 a - a +0 falchion (weapon)
Armour
 b - a +0 leather armour (worn)
 e - a +2 helmet (worn)
   (You took it off Robin on level 2 of the Dungeon)
 p - the +1 robe "Ciaz" {Int+4 Archmagi}
   (You found it on level 3 of the Dungeon)

   Int:       It affects your intelligence (+4).
   Archmagi:  It increases the power of your magical spells.
Jewellery
 d - an amulet of regeneration (around neck)
   (You found it on level 3 of the Dungeon)
 n - a +6 ring of intelligence
   (You found it on level 2 of the Dungeon)
 s - a +6 ring of intelligence
   (You found it on level 5 of the Dungeon)
Wands
 f - a wand of digging (3)
Scrolls
 c - a scroll of fog
 h - a scroll of poison
 i - a scroll of silence
 j - a scroll of amnesia
 k - 4 scrolls of magic mapping
 l - 2 scrolls of fear
 m - 2 scrolls of acquirement
 o - a scroll of vulnerability
 q - a scroll of brand weapon
 r - a scroll of enchant weapon {unknown}
 t - 2 scrolls of teleportation
 u - 2 scrolls of butterflies
 v - 3 scrolls of torment {unknown}
 w - a scroll of summoning {unknown}
 z - a scroll of blinking


   Skills:
 + Level 4.4 Fighting
 * Level 4.2 Long Blades
 * Level 4.1 Dodging
 - Level 4.1 Stealth
 * Level 3.1 Invocations


You had 6 spell levels left.
You didn't know any spells.
Your spell library contained the following spells:

 Spells                   Type           Power      Damage    Failure   Level
 Freeze                   Ice            0%         1d3       26%         1
 Frozen Ramparts          Ice            0%         1d1       63%         3
 Hailstorm                Conj/Ice       0%         3d3       63%         3


Dungeon Overview and Level Annotations

Branches:
Dungeon (6/15) Zot: 39925
 Temple: D:4-7

Altars:
Ashenzari
Cheibriados
Xom

Shops:
D:6 !

Annotations:
D:6 exclusions: steam dragon and 1 more exclusion


Innate Abilities, Weirdness & Mutations

You are immune to poison.
Your flesh is cold resistant. (rC+)
You are immune to negative energy. (rN+++)
You are immune to unholy pain and torment.
You are vulnerable to heat. (rF-)
You are in touch with the powers of death.
You do not drink.
You have a special connection with the divine. (Faith)


Message History

There is an open door here.
There is an open door here.
You open the door.
Found a shimmering altar of Xom.
There is an open door here.
You open the door.
Found a stone staircase leading down.
There is an open door here.
There is a stone staircase leading down here.
Found a fizzy pink potion.
Found a scroll labelled YTSEUM BAUDGH.
Found 6 stones.
w - a scroll labelled YTSEUM BAUDGH
Okay, then.
You open the door.
There is an open door here.
There is an open door here.
A scorpion comes into view.
The scorpion stings you. The scorpion barely misses you.
You hit the scorpion but do no damage. The scorpion closely misses you.
You hit the scorpion.
The scorpion is moderately wounded.
The scorpion stings you but does no damage.
You slash the scorpion!
The scorpion is severely wounded.
The scorpion stings you.
The scorpion stings you but does no damage.
You hit the scorpion.
The scorpion is almost dead.
The scorpion misses you.
You slash the scorpion!
You kill the scorpion!
Cheibriados appreciates the change of pace.
No target in view!
You see here a scorpion corpse.
No target in view!
There is a stone staircase leading up here.
There is a stone staircase leading up here.
There is a stone staircase leading up here.
You open the door.
There is an open door here.
An ogre comes into view. It is wielding a +0 giant club.
There is an open door here.
There is a stone staircase leading up here.
What are your orders? t - Shout!
Orders for allies: a - Attack new target. r - Retreat! s - Stop attacking. g - Guard the area. f - Follow me.
Anything else - Cancel.
You shout for attention!
You start waiting.
An ogre is nearby!
Throw: 3 darts (poison)
Press: ? - help, Q - select action, (/) - cycle Shift-Dir - straight line, f - ogre
Aim: an ogre, wielding a +0 giant club (wandering, hasn't noticed you, 78% to hit)
You throw a poisoned dart.
The poisoned dart completely misses the ogre.
The ogre shouts!
Throw: 2 darts (poison)
Press: ? - help, Q - select action, (/) - cycle Shift-Dir - straight line, f/p - ogre
Aim: an ogre, wielding a +0 giant club (78% to hit)
You throw a poisoned dart. The poisoned dart hits the ogre.
The ogre is poisoned.
Throw: dart (poison)
Press: ? - help, Q - select action, (/) - cycle Shift-Dir - straight line, f/p - ogre
Aim: an ogre, wielding a +0 giant club (poisoned, 78% to hit)
You throw a poisoned dart. The poisoned dart hits the ogre.
Unknown command.
Unknown command.
Okay, then.
You slash the ogre!
The ogre is heavily wounded.
The ogre looks more healthy.
The ogre misses you.
You barely miss the ogre.
The ogre is heavily wounded.
You hit the ogre.
The ogre is severely wounded.
The ogre completely misses you.
You barely miss the ogre.
The ogre is severely wounded.
The ogre misses you.
You hit the ogre.
The ogre is severely wounded.
The ogre hits you with a +0 giant club!!
Ouch! That really hurt!
You are too injured to fight recklessly!
You are too injured to fight recklessly!
You slash the ogre!
The ogre is almost dead.
You hit the ogre but do no damage.
The ogre is almost dead.
The ogre hits you with a +0 giant club!
* * * LOW HITPOINT WARNING * * *
Unknown command.
You barely miss the ogre.
The ogre is almost dead.
The ogre hits you with a +0 giant club!!
Ouch! That really hurt!
You die...

...............'...##...######..#
...............#....#.!..........
...............#....#.........D..
###.###'###..###<#######..#..####
###.###..###+###.####.########
..#†...................#
.(#....................#
..#....................#
..#........(...O@......#
..#......((........)...#
.##.###.###.###.###...##
###.###.###.###.# #####
.............#..#
.............#..#
.#.###..##..##..# .###
#####..##..# ..# #....(#..##


You could see an ogre.

Vanquished Creatures
  A centaur (D:6)
  A bullfrog (D:3)
  4 scorpions
  A hound (D:5)
  An orc priest (D:4)
  3 iguanas (D:5)
  Robin (D:2)
  3 gnolls (D:4)
  6 adders
  2 white imps
  3 worms
  3 dart slugs
  13 orcs
  9 ball pythons
  5 endoplasms
  2 giant cockroaches (D:1)
  17 goblins
  6 hobgoblins
  6 jackals
  3 quokkas (D:1)
  4 bats
  10 frilled lizards
  8 kobolds
  7 rats
119 creatures vanquished.

Vanquished Creatures (others)
  5 plants
5 creatures vanquished.

Grand Total: 124 creatures vanquished

Notes
Turn   | Place    | Note
-------+----------+-------------------------------------------
     0 | D:5      | Flugkiller the Mummy Delver began the quest for the Orb.
     0 | D:5      | Reached XP level 1. HP: 18/18 MP: 1/1
    24 | D:5      | Noticed a scorpion
   402 | D:3      | Noticed a bullfrog
   439 | D:2      | Reached XP level 2. HP: 24/24 MP: 2/2
   454 | D:2      | Noticed Robin
   477 | D:2      | Gained mutation: You are in touch with the powers of death.
                  | [Mummy growth]
   477 | D:2      | Reached XP level 3. HP: 20/29 MP: 3/3
   498 | D:2      | Killed Robin
   744 | D:1      | Reached XP level 4. HP: 35/35 MP: 4/4
   971 | D:1      | Found a faded altar of an unknown god.
   986 | D:1      | Prayed at the altar of an unknown god.
   986 | D:1      | Became a worshipper of Cheibriados the Contemplative
   986 | D:1      | Reached * piety under Cheibriados
  1493 | D:2      | Identified a scroll of acquirement
  1936 | D:3      | Killed a bullfrog
  1937 | D:3      | Reached skill level 1 in Invocations
  1937 | D:3      | Reached XP level 5. HP: 37/42 MP: 5/5
  1996 | D:3      | Identified the +1 robe "Ciaz" {Int+4 Archmagi}
  2340 | D:3      | Reached ** piety under Cheibriados
  2972 | D:4      | Reached XP level 6. HP: 21/48 MP: 7/7
  3454 | D:4      | Reached *** piety under Cheibriados
  4067 | D:5      | Reached XP level 7. HP: 54/54 MP: 8/8
  4773 | D:6      | Found Anemeush's Distillery.
  4807 | D:6      | Noticed a steam dragon
  4942 | D:6      | Found a broken altar of Ashenzari.
  4950 | D:6      | Found a shimmering altar of Xom.
  5123 | D:6      | Annihilated by an ogre

Illustrated notes

Levels and vault maps discovered:
D:1:      heliophobic_arrival_henge, layout_basic, basic_ecumenical_altar
D:2:      layout_basic, uniq_robin
D:3:      layout_basic, minmay_splitting_lines, minmay_lizard_king
D:4:      layout_layer_cave
D:5:      layout_basic, chequers_ossuary_entry_cave, saegor_snake_ambush
D:6:      layout_gridville, grunt_dithmenos_smoke,
          grunt_temple_overflow_octagram, serial_shops, nicolae_diamond_shop,
          shop

Skill      XL: |  1  2  3  4  5  6  7 |
---------------+----------------------+-----
Long Blades    | 2 3 4 |  4.2
Dodging        | 2 3 4 |  4.1
Invocations    | 1 2 3 |  3.1
Fighting       | 4 |  4.4
Stealth        | |  4.1

Action                   |  1- 3 |  4- 6 |  7- 9 || total
-------------------------+-------+-------+-------++-------
Melee: Falchion          |   108 |   323 |    44 ||   475
       Punch             |     1 |     3 |       ||     4
Throw: Dart              |       |     5 |     3 ||     8
  Use: Scroll            |     3 |     9 |       ||    12
 Stab: Sleeping          |     4 |     9 |     2 ||    15
Armor: Leather armour    |    41 |   140 |    10 ||   191
Dodge: Dodged            |    80 |   315 |    33 ||   428

Table legend: (Time is in decaauts)
 A = Elapsed time spent in this place.
 B = Non-inter-level travel time spent in this place.
 C = Inter-level travel time spent in this place.
 D = Time resting spent in this place.
 E = Time spent auto-exploring this place.
 F = Levels seen in this place.
 G = Mean time per level.
                   A        B        C        D        E       F      G
               +--------+--------+--------+--------+--------+-----+--------+
         Total |   7059 |   6828 |    231 |    345 |   4975 |   6 | 1176.5 |
       Dungeon |   7059 |   6828 |    231 |    345 |   4975 |   6 | 1176.5 |
               +--------+--------+--------+--------+--------+-----+--------+

Top non-repeatable levels by time:
     D:4: 1892 daAuts
     D:5: 1827 daAuts
     D:2: 1093 daAuts
     D:3: 990 daAuts
     D:1: 734 daAuts
     D:6: 520 daAuts
